[Event "Titled Tuesday Blitz July 11 Late 2023"]
[White "Goncalves, Davi Sulzbacher"]
[Black "Geivondian, Arman"]
[WhiteFideId "2154510"]
[BlackFideId "24102032"]
[WhiteElo "2441"]
[BlackElo "2582"]
[Result "0-1"]
[Round "3"]
[TimeControl "180+2"]
[Date "2023.07.11"]
[WhiteClock "0:00:00"]
[BlackClock "0:02:06"]
[Board "89"]

1. e4 c6 2. Nf3 d5 3. Nc3 dxe4 4. Nxe4 Nf6 5. Nxf6+ exf6 6. d4 Bd6 7. Be2 O-O 8. O-O Re8 9. c3 Nd7 10. Be3 Nf8 11. a4 Ng6 12. Re1 Bg4 13. h3 Bf5 14. Bd3 Qd7 15. Bxf5 Qxf5 16. Qb1 Qh5 17. a5 Re6 18. Qd3 Rae8 19. Bd2 Bf4 20. Rxe6 Rxe6 21. a6 b5 22. d5 Qxd5 23. Qxd5 cxd5 24. Bxf4 Nxf4 25. Nd4 Ne2+ 26. Nxe2 Rxe2 27. Rd1 Rxb2 28. Rxd5 g5 29. Rd7 Rc2 30. Rxa7 Rxc3 31. Rb7 Ra3 32. a7 Kg7 33. Kf1 b4 34. Ke2 f5 35. Kd2 h5 36. Kc2 h4 37. Kb2 Kg6 38. Rc7 Kf6 39. Rb7 Ke5 40. Rxf7 g4 41. Rb7 Kf6 42. Rc7 Kg6 43. Rb7 f4 44. hxg4 f3 45. Rb6+ Kg7 46. Rb7+ Kg6 47. Rb6+ Kg5 48. Rb5+ Kf6 49. gxf3 Rxa7 50. Rh5 Ra3 51. f4 Rf3 52. Rh6+ Ke7 53. f5 h3 54. g5 Rxf5 55. Rxh3 Rxg5 56. Kb3 Rg4 57. Rg3 Rf4 58. Re3+ Kd6 59. f3 Kc5 60. Rd3 Rf8 61. Re3 Rf5 62. Rd3 Rh5 63. Re3 Rg5 64. Rd3 Rg1 65. Re3 Rb1+ 66. Kc2 Rf1 67. Kb3 Rb1+ 68. Kc2 Ra1 69. Kb2 Ra8 70. Re4 Rf8 71. Re3 Kc4 72. Re4+ Kc5 73. Re3 Rf4 74. Kb3 Rf5 75. Rd3 Re5 76. Kb2 Kc4 77. Rd2 b3 78. Rf2 Ra5 79. Kb1 Rh5 80. f4 Kb4 81. f5 Ka3 82. Kc1 Rh1+ 83. Kd2 b2 84. Rf3+ Ka2 0-1


[Site "https://www.chess.com"]

[Event "Titled Tuesday Blitz July 11 Late 2023"]
[White "Salazar Farias, Luis German"]
[Black "Rios Escobar, Adan"]
[WhiteFideId "3902170"]
[BlackFideId "3403645"]
[WhiteElo "2582"]
[BlackElo "2436"]
[Result "0-1"]
[Round "3"]
[TimeControl "180+2"]
[Date "2023.07.11"]
[WhiteClock "0:00:00"]
[BlackClock "0:00:05"]
[Board "90"]

1. d4 Nf6 2. c4 g6 3. g3 c6 4. Bg2 Bg7 5. e4 O-O 6. Nc3 d6 7. h3 a5 8. Nf3 e5 9. O-O Na6 10. Be3 Nh5 11. Re1 Qe8 12. d5 c5 13. Nb5 Qd8 14. a3 Nc7 15. Nxc7 Qxc7 16. b3 Bd7 17. Rb1 b5 18. cxb5 Bxb5 19. Nd2 Bd3 20. Rc1 Rfb8 21. Nc4 Bxc4 22. Rxc4 Rb7 23. Qc2 Bf6 24. Bf1 Bd8 25. Rc3 Qd7 26. a4 Rab8 27. Qd1 Rb4 28. Bd2 Nf6 29. Bc4 Qxh3 30. Rf3 Ng4 31. Bxb4 Rxb4 32. Qd3 Bg5 33. Rd1 h5 34. Re1 Kg7 35. Rd1 Kh6 36. Re1 Kg7 37. Rd1 Bh6 38. Re1 f6 39. Rd1 Bg5 40. Re1 Nh2 41. Rfe3 Bxe3 42. Rxe3 Ng4 43. Rf3 g5 44. Qc2 Nh2 45. Re3 g4 46. Be2 Kg6 47. Qd3 Rd4 48. Qc2 Rb4 49. Qc3 Rd4 50. Qc2 Nf3+ 51. Bxf3 gxf3 52. Rxf3 h4 53. Qc3 Rd1+ 0-1


[Site "https://www.chess.com"]

[Event "Titled Tuesday Blitz July 11 Late 2023"]
[White "Leon Oquendo, Jorge"]
[Black "Jonkman, Harmen"]
[WhiteFideId "3514803"]
[BlackFideId "1002708"]
[WhiteElo "2579"]
[BlackElo "2435"]
[Result "1-0"]
[Round "3"]
[TimeControl "180+2"]
[Date "2023.07.11"]
[WhiteClock "0:00:47"]
[BlackClock "0:00:00"]
[Board "91"]

1. d4 Nf6 2. c4 e6 3. Nc3 Bb4 4. e3 b6 5. Bd3 Bb7 6. Nf3 O-O 7. O-O d6 8. Na4 d5 9. c5 bxc5 10. Nxc5 Bxc5 11. dxc5 Ba6 12. b4 Bxd3 13. Qxd3 c6 14. Bb2 a6 15. Be5 Ne8 16. e4 Nd7 17. Bg3 Ndf6 18. Ne5 Qc8 19. f3 Qb8 20. Nxc6 Qb7 21. exd5 Nxd5 22. Ne5 Qxb4 23. Rfc1 Rc8 24. Nd7 Nef6 25. Nxf8 Kxf8 26. Rc4 Qb5 27. a4 Qb7 28. Be5 h6 29. Bxf6 gxf6 30. Rac1 Qc6 31. Qh7 Ke7 32. Qxh6 Rb8 33. Qd2 1-0


[Site "https://www.chess.com"]

[Event "Titled Tuesday Blitz July 11 Late 2023"]
[White "Guz, Ari"]
[Black "Andrews, Todd"]
[WhiteFideId "2825759"]
[BlackFideId "2012456"]
[WhiteElo "2567"]
[BlackElo "2435"]
[Result "1-0"]
[Round "3"]
[TimeControl "180+2"]
[Date "2023.07.11"]
[WhiteClock "0:00:14"]
[BlackClock "0:00:09"]
[Board "92"]

1. a3 d5 2. d4 Nf6 3. Nf3 g6 4. h4 c6 5. Bg5 Nbd7 6. Nbd2 h6 7. Bf4 Bg7 8. e3 b5 9. c3 a5 10. Bd3 Nb6 11. Qc2 Be6 12. Ne5 Qc8 13. f3 Nc4 14. g4 c5 15. a4 Nxe5 16. dxe5 Nd7 17. Bxb5 O-O 18. Kf2 Nxe5 19. Nb3 c4 20. Nd4 Nd3+ 21. Kg3 Bxg4 22. fxg4 e5 23. Nc6 exf4+ 24. exf4 Qc7 25. Qd2 Rfe8 26. Raf1 Re4 27. Rf3 Rae8 28. Rxd3 cxd3 29. Rf1 Re3+ 30. Rf3 d4 31. cxd4 Rxf3+ 32. Kxf3 Re6 33. d5 Rd6 34. Qxd3 Bxb2 35. Qe4 Bg7 36. h5 gxh5 37. gxh5 Qd7 38. Ne7+ Kf8 39. Bxd7 Rxd7 40. Nf5 Bf6 41. d6 Bd8 42. Qc6 Ke8 43. Ng7+ Kf8 44. Qxd7 Bf6 45. Nf5 1-0


[Site "https://www.chess.com"]

[Event "Titled Tuesday Blitz July 11 Late 2023"]
[White "Kaplan, Avi Harrison"]
[Black "Kirillov, Dmitry"]
[WhiteFideId "30934559"]
[BlackFideId "34180572"]
[WhiteElo "2431"]
[BlackElo "2566"]
[Result "1-0"]
[Round "3"]
[TimeControl "180+2"]
[Date "2023.07.11"]
[WhiteClock "0:00:04"]
[BlackClock "0:00:03"]
[Board "93"]

1. b3 a5 2. a3 Nf6 3. Bb2 d5 4. e3 Bf5 5. c4 e6 6. Nf3 Nbd7 7. Be2 c6 8. O-O Be7 9. d3 h6 10. Nbd2 O-O 11. Rc1 Bh7 12. h3 Re8 13. Rc2 Bd6 14. Qa1 e5 15. cxd5 cxd5 16. Rfc1 Qb6 17. Bf1 Rad8 18. g4 Qa7 19. a4 Qb8 20. Ba3 e4 21. dxe4 Nxe4 22. Bxd6 Qxd6 23. Nd4 Ng5 24. Rc7 Nf6 25. N2f3 Nge4 26. Nb5 Qb6 27. Qd4 Qa6 28. Nc3 Qd6 29. Nb5 Qa6 30. Qa7 Qxa7 31. Nxa7 Nd6 32. Nd4 Nfe4 33. Nab5 h5 34. Nxd6 Nxd6 35. Nb5 hxg4 36. hxg4 Re4 37. Nxd6 Rxg4+ 38. Kh2 Rh4+ 39. Kg3 Rh6 40. Nxf7 Rg6+ 41. Kh2 Rf8 42. Ne5 Rxf2+ 43. Kh1 Re6 44. Rc8+ Rf8 45. Rxf8+ Kxf8 46. Ng4 Be4+ 47. Kh2 Rg6 48. Nf2 Rh6+ 49. Kg3 Rg6+ 50. Kh2 Rh6+ 51. Bh3 Rb6 52. Nxe4 dxe4 53. Rc3 Rd6 54. Kg3 Rd2 55. Bf5 Kf7 56. Bxe4 Rb2 57. Bxb7 Kf6 58. Bd5 Ke5 59. Bc4 g5 60. Kf3 Rh2 61. Rc1 Rh3+ 62. Ke2 Ke4 63. Bd3+ Ke5 64. Rg1 Rh2+ 65. Kf3 Rh3+ 66. Rg3 Rh1 67. Rxg5+ Kd6 68. Rxa5 Rh3+ 69. Ke2 Rh2+ 70. Kd1 Rh1+ 71. Kd2 Rh2+ 72. Kc3 Rh5 73. Rxh5 1-0


[Site "https://www.chess.com"]

[Event "Titled Tuesday Blitz July 11 Late 2023"]
[White "Boldoo, Erdenepurev"]
[Black "Bueno, Alfeu Junior Varela"]
[WhiteFideId "4901037"]
[BlackFideId "2108879"]
[WhiteElo "2566"]
[BlackElo "2430"]
[Result "0-1"]
[Round "3"]
[TimeControl "180+2"]
[Date "2023.07.11"]
[WhiteClock "0:00:09"]
[BlackClock "0:00:07"]
[Board "94"]

1. c4 e5 2. Nf3 Nc6 3. Nc3 Bb4 4. Nd5 d6 5. Nxb4 Nxb4 6. d3 f5 7. g3 Nf6 8. Bg2 O-O 9. O-O Nc6 10. Qc2 Qe8 11. e3 Qh5 12. Bd2 f4 13. Bc3 Bg4 14. Nd2 f3 15. Bh1 Rae8 16. b4 Nd7 17. b5 Nd8 18. Rfc1 Re6 19. Ne4 g5 20. h4 gxh4 21. Kf1 hxg3 22. Nxg3 Qh2 23. Bb4 Bh3+ 24. Ke1 Qg1+ 25. Kd2 Qxf2+ 26. Kc3 Qxc2+ 27. Rxc2 Rg6 28. Ne4 Nf6 29. Nxf6+ Rfxf6 30. Rf2 Bg2 31. Rg1 Bxh1 32. Rxh1 Rg2 33. Rhf1 Rxf2 34. Rxf2 Ne6 35. d4 exd4+ 36. exd4 Ng5 37. Kd3 Nh3 38. Rf1 f2 39. Ke3 h5 40. Ke2 h4 41. Bd2 Kh7 42. Be3 Kg6 43. Rh1 Ng1+ 44. Kf1 Kh5 45. Bxf2 Nf3 46. Ke2 Kg4 47. Be3 h3 48. Bf2 h2 49. Ke3 Kh3 50. Bg3 Kxg3 51. Rxh2 Nxh2 52. Ke4 Ng4 53. d5 Rf4+ 54. Kd3 Ne5+ 55. Ke2 Rxc4 56. a4 Rc5 57. a5 Rxd5 58. Ke3 Rxb5 59. Ke4 Rxa5 60. Kf5 b5 61. Ke4 b4 62. Ke3 b3 63. Kd2 b2 64. Kc2 Rb5 65. Kc3 b1=Q 66. Kd2 Qd3+ 67. Kc1 Rb1# 0-1


[Site "https://www.chess.com"]

[Event "Titled Tuesday Blitz July 11 Late 2023"]
[White "Shohat, Yotam"]
[Black "Mikhalsky, Vladimir"]
[WhiteFideId "2813955"]
[BlackFideId "14144352"]
[WhiteElo "2566"]
[BlackElo "2428"]
[Result "1-0"]
[Round "3"]
[TimeControl "180+2"]
[Date "2023.07.11"]
[WhiteClock "0:00:07"]
[BlackClock "0:00:10"]
[Board "95"]

1. e4 g6 2. d4 Bg7 3. Nc3 d6 4. f4 Nf6 5. Bd3 Na6 6. Nf3 c5 7. d5 O-O 8. O-O e6 9. dxe6 Bxe6 10. f5 Bc8 11. Bg5 h6 12. Bh4 g5 13. Bg3 Nh5 14. Nd2 Nxg3 15. hxg3 Nb4 16. Qh5 Nxd3 17. cxd3 Bd4+ 18. Kh2 Kh7 19. Nd5 b5 20. Nf3 Bxb2 21. Rab1 Bh8 22. Rh1 Qe8 23. Kg1 Bg7 24. Nf6+ Kh8 25. Nxe8 Rxe8 26. f6 Bf8 27. Qxf7 Be6 28. Qg6 Bxa2 29. Rxh6+ Bxh6 30. Qxh6+ Kg8 31. Qg7# 1-0


[Site "https://www.chess.com"]

[Event "Titled Tuesday Blitz July 11 Late 2023"]
[White "Taranenko, Evgueniy"]
[Black "Karttunen, Mika"]
[WhiteFideId "14122138"]
[BlackFideId "502081"]
[WhiteElo "2424"]
[BlackElo "2565"]
[Result "1-0"]
[Round "3"]
[TimeControl "180+2"]
[Date "2023.07.11"]
[WhiteClock "0:01:28"]
[BlackClock "0:00:13"]
[Board "96"]

1. e4 e6 2. d4 d5 3. Nc3 Bb4 4. Qd3 dxe4 5. Qxe4 Nf6 6. Qh4 Be7 7. Bg5 h6 8. Nf3 Nbd7 9. O-O-O c6 10. Bd3 Qa5 11. Rhe1 Rg8 12. Bxf6 Nxf6 13. Qg3 Bd7 14. Ne5 Bd6 15. f4 Bxe5 16. fxe5 Nd5 17. Ne4 Qxa2 18. Nd6+ Kd8 19. c4 Nb4 20. Bb1 Qa6 21. Qb3 c5 22. dxc5 Nc6 23. Qd3 Kc7 24. Nb5+ 1-0


[Site "https://www.chess.com"]

[Event "Titled Tuesday Blitz July 11 Late 2023"]
[White "Rodriguez Fontecha, Marcos"]
[Black "Siniauski, Artsiom"]
[WhiteFideId "2256576"]
[BlackFideId "13512269"]
[WhiteElo "2424"]
[BlackElo "2565"]
[Result "0-1"]
[Round "3"]
[TimeControl "180+2"]
[Date "2023.07.11"]
[WhiteClock "0:00:00"]
[BlackClock "0:00:05"]
[Board "97"]

1. e4 d6 2. Nc3 Nf6 3. g3 e5 4. Bg2 Nbd7 5. d3 Be7 6. Nge2 h6 7. O-O g5 8. f4 gxf4 9. gxf4 Rg8 10. Ng3 c6 11. Qe2 b5 12. fxe5 Nxe5 13. Bf4 Be6 14. Kh1 Qb6 15. b3 O-O-O 16. Be3 Qc7 17. d4 Ng6 18. d5 Bg4 19. Qd2 b4 20. Na4 c5 21. c3 bxc3 22. Nxc3 Nd7 23. b4 Nge5 24. Nb5 Qb6 25. bxc5 Nxc5 26. Rab1 Kd7 27. Nd4 Qc7 28. Nc6 Rb8 29. Bxc5 dxc5 30. Qf4 Rxb1 31. Rxb1 Nxc6 32. dxc6+ Qxc6 33. e5 Qe6 34. Rb7+ Kc8 35. Qa4 Bh3 36. Qxa7 Bxg2+ 37. Kxg2 Qd5+ 38. Kg1 Qxb7 0-1


[Site "https://www.chess.com"]

[Event "Titled Tuesday Blitz July 11 Late 2023"]
[White "ArtemDyachuk"]
[Black "Todev, Simeon"]
[BlackFideId "2925133"]
[WhiteElo "2564"]
[BlackElo "2423"]
[Result "0-1"]
[Round "3"]
[TimeControl "180+2"]
[Date "2023.07.11"]
[WhiteClock "0:00:12"]
[BlackClock "0:00:16"]
[Board "98"]

1. e4 c5 2. Nf3 a6 3. c4 Nc6 4. d4 cxd4 5. Nxd4 e5 6. Nc2 Nf6 7. Nc3 d6 8. Bg5 Be6 9. Nd5 Be7 10. Bxf6 Bxf6 11. Be2 O-O 12. O-O Bxd5 13. cxd5 Nd4 14. Nxd4 exd4 15. Bd3 Re8 16. f4 Qb6 17. Qe2 Rac8 18. Rae1 g5 19. e5 dxe5 20. fxg5 Bg7 21. Qf3 Rc7 22. Qf5 Qg6 23. Qh3 e4 24. Qg4 Rce7 25. Bc4 e3 26. h4 Re4 27. Qh3 e2 28. Rf2 Re3 29. Rf3 Rxf3 30. Qxf3 Re3 31. Qf4 Be5 32. Qg4 d3 33. Bb3 d2 34. Rxe2 Qb1+ 35. Kf2 Rxe2+ 36. Qxe2 Bd4+ 37. Kf3 Qf5+ 38. Kg3 Be5+ 39. Qxe5 Qxe5+ 40. Kf2 Qe1+ 41. Kf3 d1=Q+ 42. Bxd1 Qxd1+ 43. Ke4 Qe2+ 44. Kd4 Qxg2 45. d6 Qd2+ 46. Kc5 Qe3+ 47. Kd5 Qe6+ 48. Kc5 Qc8+ 49. Kd5 Qc6+ 50. Ke5 f6+ 51. Ke6 fxg5 52. hxg5 Qe4+ 53. Kf6 Qf4+ 54. Ke6 Qxg5 55. d7 Qd8 56. b4 h5 57. a4 h4 58. Kf5 h3 59. Kf4 h2 0-1


[Site "https://www.chess.com"]

[Event "Titled Tuesday Blitz July 11 Late 2023"]
[White "Pinheiro, Iung Alicio de O."]
[Black "Ncatt"]
[WhiteFideId "2104350"]
[WhiteElo "2563"]
[BlackElo "2420"]
[Result "1-0"]
[Round "3"]
[TimeControl "180+2"]
[Date "2023.07.11"]
[WhiteClock "0:00:09"]
[BlackClock "0:00:07"]
[Board "99"]

1. e4 c5 2. Nf3 Nc6 3. Nc3 Nf6 4. Bb5 g6 5. h3 Bg7 6. e5 Nh5 7. Bxc6 bxc6 8. d3 Bf8 9. O-O Ng7 10. Re1 Ne6 11. Ne4 c4 12. dxc4 Bg7 13. Be3 h6 14. Qd2 Qc7 15. Rad1 Bxe5 16. Nxe5 Qxe5 17. Bxh6 Qxb2 18. Bg5 Qa3 19. c5 Rh5 20. h4 f6 21. Bxf6 exf6 22. Nxf6+ Kf7 23. Nxh5 gxh5 24. Re5 Rb8 25. Qh6 Qb2 26. Rf5+ Ke7 27. Re1 Kd8 28. Rf7 Qxa2 29. Qf6+ Kc7 30. Rxe6 Rb1+ 31. Kh2 Kb8 32. Qe5+ Kb7 33. Ree7 Qxc2 34. Rxd7+ Bxd7 35. Rxd7+ Ka6 36. Qc7 Qxc5 37. Qc8+ Ka5 38. Qd8+ Rb6 39. Rxa7+ Kb5 40. Qd3+ Kb4 41. Qa3+ Kc4 42. Ra4+ Kb5 43. Ra5+ Kc4 44. Qxc5+ 1-0


[Site "https://www.chess.com"]

[Event "Titled Tuesday Blitz July 11 Late 2023"]
[White "Melikhov, Evgeny V."]
[Black "Swayams, Mishra"]
[WhiteFideId "4122046"]
[BlackFideId "5028183"]
[WhiteElo "2416"]
[BlackElo "2563"]
[Result "0-1"]
[Round "3"]
[TimeControl "180+2"]
[Date "2023.07.11"]
[WhiteClock "0:00:04"]
[BlackClock "0:00:09"]
[Board "100"]

1. d4 Nf6 2. c4 b6 3. Nc3 Bb7 4. d5 g6 5. e4 d6 6. Nf3 Bg7 7. Bg5 O-O 8. Qd2 c6 9. Bh6 cxd5 10. Bxg7 Kxg7 11. cxd5 Nbd7 12. h4 h5 13. Ng5 Ne5 14. Be2 Rc8 15. Qd4 Qc7 16. f4 Ned7 17. g4 Qc5 18. Qxc5 Rxc5 19. gxh5 Nxh5 20. Bxh5 gxh5 21. Rg1 Kh6 22. Ne2 Nf6 23. Nd4 Bc8 24. Kd2 Rc4 25. Kd3 Rc7 26. Rac1 Ba6+ 27. Ke3 Ng4+ 28. Rxg4 Rxc1 29. Nf5+ Kg6 30. Rg2 Rfc8 31. Nxe7+ Kf6 32. Nxc8 Bxc8 33. e5+ dxe5 34. Ne4+ Ke7 35. fxe5 Bf5 36. Nd6 Bg6 37. Rxg6 fxg6 38. Ne4 Re1+ 39. Kd4 Rd1+ 40. Kc4 Re1 41. Kd4 Rd1+ 42. Kc4 a6 43. Ng5 Rc1+ 44. Kd4 Rd1+ 45. Ke4 Re1+ 46. Kd4 Rd1+ 47. Ke4 Rd2 48. b4 Rxa2 49. d6+ Kd7 50. Kd5 Rd2+ 51. Ke4 Rb2 52. Kd5 Rd2+ 53. Ke4 a5 54. bxa5 bxa5 55. Nf3 Rd1 56. Nd4 a4 57. Kd5 a3 58. e6+ Kd8 59. Ke5 Rxd4 60. e7+ Kd7 61. Kxd4 a2 62. Ke5 a1=Q+ 63. Kf4 Qd4+ 64. Kg5 Qxd6 0-1


[Site "https://www.chess.com"]

[Event "Titled Tuesday Blitz July 11 Late 2023"]
[White "Campos, Maria Jose"]
[Black "Ballester Llagaria, Luis Eduardo"]
[WhiteFideId "146803"]
[BlackFideId "2297620"]
[WhiteElo "2400"]
[BlackElo "2558"]
[Result "0-1"]
[Round "3"]
[TimeControl "180+2"]
[Date "2023.07.11"]
[WhiteClock "0:01:48"]
[BlackClock "0:00:34"]
[Board "101"]

1. c4 e5 2. g3 Nc6 3. Bg2 f5 4. Nc3 Nf6 5. Nf3 e4 6. Ng5 h6 7. Nh3 g5 8. d3 Bb4 9. O-O Bxc3 10. bxc3 d6 11. Ba3 O-O 12. Rb1 b6 13. f3 exd3 14. exd3 Bd7 15. f4 g4 16. Nf2 Qe7 17. Qd2 Rae8 18. Rbe1 Qf7 19. Bc1 h5 20. Qc2 Kg7 21. Be3 h4 22. Re2 hxg3 23. hxg3 Kg6 24. Rfe1 Nh5 25. Nh1 Re7 26. Bf2 Rfe8 27. Qd2 Rxe2 28. Rxe2 Rxe2 29. Qxe2 Qe7 30. Kf1 Qxe2+ 31. Kxe2 Kf6 32. Bd5 Ne7 33. Bd4+ Kg6 34. Bg2 Bc6 35. Kf2 Bxg2 36. Kxg2 Nc6 37. Nf2 Kf7 38. Nd1 Ne7 39. Ne3 c5 40. Bh8 Kg8 0-1


[Site "https://www.chess.com"]

[Event "Titled Tuesday Blitz July 11 Late 2023"]
[White "Kochiev, Ivan"]
[Black "Seletsky, Grigory"]
[WhiteFideId "2917890"]
[BlackFideId "14112191"]
[WhiteElo "2556"]
[BlackElo "2406"]
[Result "0-1"]
[Round "3"]
[TimeControl "180+2"]
[Date "2023.07.11"]
[WhiteClock "0:00:03"]
[BlackClock "0:00:11"]
[Board "102"]

1. e4 c5 2. Nf3 b6 3. c4 Bb7 4. Nc3 e6 5. d4 cxd4 6. Nxd4 d6 7. Be3 a6 8. Be2 Nd7 9. O-O Ngf6 10. f3 Be7 11. Qd2 O-O 12. Rac1 Rc8 13. b4 Qc7 14. Nb3 Qb8 15. Rfd1 Kh8 16. Na4 Bc6 17. Nc3 Ne5 18. h3 Ba8 19. Na4 b5 20. Nb6 Rc7 21. cxb5 Rxc1 22. Rxc1 axb5 23. Nxa8 Qxa8 24. Bxb5 d5 25. exd5 Nxd5 26. Bc5 Qa3 27. Bxe7 Nxe7 28. Qd6 N5g6 29. Rc2 Nf5 30. Qd2 h6 31. Bd3 Ngh4 32. b5 Rd8 33. Bxf5 Qa8 34. Bd3 Nxf3+ 35. gxf3 Qxf3 36. b6 Rxd3 37. b7 Qg3+ 38. Kf1 Rxd2 39. Rc8+ Kh7 40. Nxd2 Qxh3+ 41. Kg1 Qg4+ 42. Kh2 Qe2+ 43. Kh3 Qe3+ 44. Kg4 Qd4+ 45. Kh3 Qd3+ 46. Kh4 Qd4+ 47. Kh3 Qe3+ 48. Kh4 g5+ 49. Kg4 f5+ 50. Kh5 Qh3# 0-1


[Site "https://www.chess.com"]

[Event "Titled Tuesday Blitz July 11 Late 2023"]
[White "FromTexas54"]
[Black "micke12a"]
[WhiteElo "2553"]
[BlackElo "2392"]
[Result "1-0"]
[Round "3"]
[TimeControl "180+2"]
[Date "2023.07.11"]
[WhiteClock "0:01:36"]
[BlackClock "0:00:04"]
[Board "103"]

1. d4 Nf6 2. c4 g6 3. Nc3 d5 4. cxd5 Nxd5 5. Bd2 Bg7 6. e4 Nxc3 7. Bxc3 O-O 8. Qd2 c5 9. d5 e6 10. Bxg7 Kxg7 11. Bc4 exd5 12. Bxd5 Nc6 13. Ne2 Nb4 14. Nc3 Nxd5 15. Nxd5 b6 16. O-O-O Bb7 17. h4 Bxd5 18. exd5 h6 19. f4 h5 20. f5 Qf6 21. Rhf1 Qxh4 22. f6+ Kh7 23. Rf4 Qg5 24. g4 h4 25. Rh1 Rad8 26. Qf2 Rxd5 27. Rxh4+ Kg8 28. Qh2 Qxh4 29. Qxh4 g5 30. Qh6 1-0


[Site "https://www.chess.com"]

[Event "Titled Tuesday Blitz July 11 Late 2023"]
[White "EsmeraldasAnderson03"]
[Black "Bruedigam, Martin"]
[BlackFideId "24608033"]
[WhiteElo "2396"]
[BlackElo "2553"]
[Result "0-1"]
[Round "3"]
[TimeControl "180+2"]
[Date "2023.07.11"]
[WhiteClock "0:00:00"]
[BlackClock "0:00:54"]
[Board "104"]

1. d4 Nf6 2. Nf3 g6 3. Bf4 Bg7 4. e3 O-O 5. Be2 c5 6. c3 b6 7. Nbd2 Bb7 8. O-O d6 9. h3 Nbd7 10. Bh2 Qc7 11. Re1 a6 12. a4 e5 13. Nc4 Ne4 14. Qb3 Bd5 15. Red1 cxd4 16. cxd4 exd4 17. Rac1 dxe3 18. Qxe3 Qb7 19. Nxd6 Nxd6 20. Bxd6 Rfe8 21. Qd2 Bc6 22. Bb4 Bxa4 23. b3 Bxb3 24. Qxd7 Qxd7 25. Rxd7 Rxe2 26. Rcc7 a5 27. Bc3 Bxc3 28. Rxc3 a4 29. Nd4 Re1+ 30. Kh2 Rd1 31. Rd6 a3 32. Rxb3 a2 0-1


[Site "https://www.chess.com"]

[Event "Titled Tuesday Blitz July 11 Late 2023"]
[White "Przybylski, Wojciech"]
[Black "Davidson, Kevin"]
[WhiteFideId "1117599"]
[BlackFideId "2056810"]
[WhiteElo "2550"]
[BlackElo "2380"]
[Result "1-0"]
[Round "3"]
[TimeControl "180+2"]
[Date "2023.07.11"]
[WhiteClock "0:01:51"]
[BlackClock "0:00:02"]
[Board "105"]

1. e4 c5 2. Nf3 d6 3. d4 cxd4 4. Nxd4 Nf6 5. Nc3 a6 6. Bg5 e6 7. Qe2 Be7 8. O-O-O Qc7 9. f4 h6 10. Bh4 Nxe4 11. Nxe4 Bxh4 12. f5 e5 13. Ne6 Bxe6 14. fxe6 O-O 15. Nxd6 fxe6 16. Qg4 Bg5+ 17. Kb1 Nc6 18. Qxe6+ Kh8 19. Bc4 Nd8 20. Qg6 e4 21. Rhf1 Bf6 22. Rxf6 Rxf6 23. Qe8+ Kh7 24. Bg8+ Kh8 25. Bf7+ Kh7 26. Qg8# 1-0


[Site "https://www.chess.com"]

[Event "Titled Tuesday Blitz July 11 Late 2023"]
[White "Krzywda, Andrzej"]
[Black "only_strong_moves"]
[WhiteFideId "1114565"]
[WhiteElo "2379"]
[BlackElo "2550"]
[Result "0-1"]
[Round "3"]
[TimeControl "180+2"]
[Date "2023.07.11"]
[WhiteClock "0:00:05"]
[BlackClock "0:00:08"]
[Board "106"]

1. e4 e5 2. Nf3 Nc6 3. Bb5 Nf6 4. d3 Bc5 5. Bxc6 dxc6 6. O-O Nd7 7. c3 O-O 8. d4 Bd6 9. Bg5 Be7 10. Be3 Nf6 11. Nbd2 exd4 12. cxd4 Ng4 13. Bf4 f5 14. e5 g5 15. h3 gxf4 16. hxg4 fxg4 17. Nh2 Qxd4 18. Nxg4 f3 19. gxf3 Bxg4 20. fxg4 Bh4 21. Qe2 Rf4 22. Kh2 Raf8 23. f3 R4f7 24. Nb3 Qf4+ 25. Kg1 Qg3+ 26. Qg2 Rxf3 27. Qxg3 Rxg3+ 28. Kh2 Rgf3 29. Rxf3 Rxf3 30. Rd1 Kg7 31. Rd7+ Rf7 32. Rd3 Bf2 33. Nd2 Bh4 34. Ne4 Be7 35. Kg3 b6 36. g5 c5 37. Kg4 Kg6 38. Rd7 Bf8 39. Rd8 Bg7 40. e6 Re7 41. Nf6 Bxf6 42. gxf6 Kxf6 43. Rf8+ Kxe6 44. Ra8 a5 45. Rh8 c4 46. Kf4 Kd6 47. Rg8 Kc6 48. Rg2 Rd7 49. Ke5 Kb5 50. Ke6 Rd3 51. Rh2 c5 52. Rxh7 Rd2 53. Ke5 Rxb2 54. Kd6 Rxa2 55. Rb7 c3 56. Rh7 c2 57. Rh1 Rb2 58. Rc1 a4 59. Kd5 a3 60. Ke4 a2 61. Kd3 Rb1 62. Rxc2 a1=Q 63. Rb2+ Qxb2 64. Ke3 Re1+ 65. Kf3 Qf6+ 66. Kg2 Re8 67. Kh3 Rg8 68. Kh2 Qh6# 0-1


[Site "https://www.chess.com"]

[Event "Titled Tuesday Blitz July 11 Late 2023"]
[White "Harriott, Tyrell"]
[Black "Arencibia Monduy, Antonio"]
[WhiteFideId "2086484"]
[BlackFideId "3507939"]
[WhiteElo "2378"]
[BlackElo "2549"]
[Result "1-0"]
[Round "3"]
[TimeControl "180+2"]
[Date "2023.07.11"]
[WhiteClock "0:00:20"]
[BlackClock "0:00:00"]
[Board "107"]

1. d4 e6 2. e3 Nf6 3. Bd3 d5 4. f4 b6 5. c3 Bb7 6. Nf3 Be7 7. Nbd2 Ne4 8. O-O O-O 9. Ne5 Nd7 10. Qg4 f5 11. Qh3 Nxe5 12. fxe5 Nxd2 13. Bxd2 g6 14. g4 Qd7 15. Kh1 c5 16. Rg1 a5 17. gxf5 exf5 18. Qh6 Rf7 19. Rg3 Ba6 20. Rag1 Rg7 21. Bc2 Rf8 22. h4 Qd8 23. h5 g5 24. Qe6+ Kh8 25. Bxf5 Bc8 26. Qxc8 Qxc8 27. Bxc8 Rxc8 28. Rf3 h6 29. Rgf1 Kg8 30. Kg2 c4 31. Kg3 b5 32. Kg4 b4 33. Rf5 Rc6 34. Kf3 Rf7 35. e4 bxc3 36. Bxc3 Rxf5+ 37. exf5 Bb4 38. Kg4 Kf7 39. Re1 Rc8 40. Rb1 Ke7 41. a3 Rb8 42. axb4 axb4 43. Bd2 Rb7 44. Ra1 Kd7 45. Ra6 c3 46. bxc3 b3 47. Bc1 b2 48. Bxb2 Rxb2 49. Rxh6 Rc2 50. Rd6+ Ke7 51. f6+ Kf7 52. Kxg5 Rg2+ 53. Kh6 Rg3 54. Rxd5 Ke6 55. Rd6+ Kf7 56. Rd7+ Kf8 57. e6 Ke8 58. f7+ Kf8 59. Rd8+ Ke7 60. f8=Q+ Kxe6 61. Qe8+ Kf5 62. Qe5+ Kg4 63. Rg8+ 1-0


[Site "https://www.chess.com"]

[Event "Titled Tuesday Blitz July 11 Late 2023"]
[White "Palencia Morales, Wilson Guillermo"]
[Black "Todorovic, Bojan"]
[WhiteFideId "4401859"]
[BlackFideId "917087"]
[WhiteElo "2545"]
[BlackElo "2374"]
[Result "0-1"]
[Round "3"]
[TimeControl "180+2"]
[Date "2023.07.11"]
[WhiteClock "0:00:00"]
[BlackClock "0:00:45"]
[Board "108"]

1. e4 g6 2. d4 Bg7 3. Nc3 d6 4. f4 a6 5. Nf3 Nd7 6. Bd3 b5 7. e5 Bb7 8. O-O Nh6 9. d5 b4 10. Ne4 Bxd5 11. exd6 cxd6 12. Qe2 O-O 13. Neg5 Nc5 14. Bc4 Bxc4 15. Qxc4 e6 16. Be3 Nf5 17. Bf2 Bxb2 18. Rad1 Qc7 19. g4 Ne7 20. Ne4 Nd5 21. Nxd6 Qxd6 22. Qxc5 Qxc5 23. Bxc5 Rfc8 24. Bd6 Rxc2 25. f5 Ne3 26. fxe6 fxe6 27. Ng5 Nxf1 28. Rxf1 Bd4+ 29. Kh1 Rf2 30. Rd1 Bc3 31. Nxe6 Re8 32. Nf4 Rd8 33. Ne6 Rd7 34. Nc5 Rxd6 35. Rxd6 Rxa2 36. Rd7 a5 37. Ra7 h6 38. Ne6 b3 39. Rc7 b2 40. Rxc3 b1=Q+ 0-1


[Site "https://www.chess.com"]

[Event "Titled Tuesday Blitz July 11 Late 2023"]
[White "Tarasova, Viktoriya"]
[Black "Thorfinnsson, Bragi"]
[WhiteFideId "4175840"]
[BlackFideId "2300958"]
[WhiteElo "2370"]
[BlackElo "2543"]
[Result "1-0"]
[Round "3"]
[TimeControl "180+2"]
[Date "2023.07.11"]
[WhiteClock "0:00:07"]
[BlackClock "0:00:00"]
[Board "109"]

1. d4 Nf6 2. c4 e6 3. Nc3 c5 4. d5 exd5 5. cxd5 d6 6. Nf3 g6 7. Bf4 a6 8. a4 Bg7 9. h3 O-O 10. e3 Re8 11. Nd2 Nh5 12. Bh2 f5 13. Be2 Nf6 14. O-O b6 15. Nc4 Bf8 16. Re1 Ra7 17. Bf1 Rg7 18. Qb3 Rb7 19. Nd2 b5 20. axb5 axb5 21. Bxb5 Bd7 22. Qc4 Bxb5 23. Nxb5 Qb6 24. Nc3 Bg7 25. Qd3 Rd7 26. Nc4 Qd8 27. Ra8 Ne4 28. Rea1 Qh4 29. Nxe4 fxe4 30. Qb3 Rdd8 31. Nxd6 Rf8 32. Bg3 Qe7 33. Nc4 Nd7 34. Rxd8 Rxd8 35. d6 Qf7 36. Ra7 h5 37. Qc2 Qe6 38. Nd2 Nf6 39. Qc4 Qxc4 40. Nxc4 Nd5 41. d7 Bxb2 42. Bh4 Bf6 43. Bg3 h4 44. Bd6 Kf7 45. Bxc5 Ke6 46. Bd4 Bxd4 47. exd4 Rxd7 48. Rxd7 Kxd7 49. Ne5+ Ke6 50. Nxg6 Kf5 51. Nxh4+ Kf4 52. g3+ Kg5 53. Kg2 Nc3 54. Kg1 Ne2+ 55. Kf1 Nxd4 56. Ke1 Ne6 57. Ke2 Nc5 58. Ke3 Nd3 59. Kxe4 Nxf2+ 60. Kf3 Nxh3 61. Kg2 Kg4 62. Ng6 1-0


[Site "https://www.chess.com"]